 Dungeon Crawl Stone Soup version 0.13.0-15-g9204fa6 (webtiles) character file.

495 1Viktor the Covered (level 6, 0/53 HPs)
             Began as a Minotaur Fighter on Oct 20, 2013.
             Slain by an ogre
             ... wielding a +0,+0 giant club
              (27 damage)
             ... on Level 4 of the Dungeon.
             The game lasted 00:13:30 (4241 turns).

1Viktor the Covered (Minotaur Fighter)              Turns: 4241, Time: 00:13:30

HP   0/53        AC  7     Str 21      XL: 6   Next: 32%
MP   2/2         EV  7     Int  7      God:
Gold 148         SH 20     Dex  9      Spells:  0 memorised,  5 levels left

Res.Fire  : . . .   See Invis. : .   x - +1,+0 dwarf hand axe
Res.Cold  : . . .   Warding    : .   q - +0 orc scale mail
Life Prot.: . . .   Conserve   : .   c - +0 shield
Res.Poison: .       Res.Corr.  : .   (helmet restricted)
Res.Elec. : .       Clarity    : .   (no cloak)
Sust.Abil.: . .     Spirit.Shd : .   (no gloves)
Res.Mut.  : .       Stasis     : .   (no boots)
Res.Rott. : .       Flight     : .   (no amulet)
Saprovore : . . .                    (no ring)
                                     (no ring)

@: slightly resistant to hostile enchantments, extremely unstealthy
A: retaliatory headbutt, horns 2
a: no special abilities


You were on level 4 of the Dungeon.
You were hungry.

You visited 1 branch of the dungeon, and saw 4 of its levels.

You collected 128 gold pieces.

Inventory:

Hand weapons
 a - a +0,+0 hand axe {=f}
 x - a +1,+0 dwarven hand axe (weapon)
Missiles
 g - 3 javelins (quivered)
Armour
 c - a +0 shield (worn)
 q - a +0 orcish scale mail (worn)
 s - a +0 orcish scale mail
Magical devices
 b - a wand of lightning (9) {unknown}
Comestibles
 d - 6 bread rations
 r - a meat ration
 v - a chunk of hound flesh
Scrolls
 e - 2 scrolls of teleportation {unknown}
 f - a scroll of random uselessness {unknown}
 h - 3 scrolls of identify {unknown}
 i - 5 scrolls of enchant weapon I {unknown}
 k - a scroll of enchant armour {unknown}
 m - 2 scrolls of remove curse {unknown}
 o - 3 scrolls of noise {unknown}
 t - a scroll of amnesia {unknown}
Jewellery
 y - an uncursed ring of sustain abilities {unknown}
Potions
 j - a potion of brilliance {unknown}
 l - a potion of might {unknown}
 n - a potion of agility {unknown}
 p - 3 potions of curing {unknown}
 u - a potion of porridge {unknown}
 w - a potion of restore abilities {unknown}


   Skills:
 + Level 4.5 Fighting
 + Level 3.8 Axes
 + Level 5.6 Armour
 + Level 2.2 Dodging
 + Level 0.1 Stealth
 + Level 5.4 Shields


You had 5 spell levels left.
You didn't know any spells.

Dungeon Overview and Level Annotations

Branches:
Dungeon (4/27)
 Temple: D:4-7

Altars:
Ashenzari
Nemelex Xobeh
Yredelemnul

Annotations:
D:2 1 exclusion


Innate Abilities, Weirdness & Mutations

You reflexively headbutt those who attack you in melee.
You have a pair of horns on your head.


Message History

o - 3 scrolls labeled EMOLIA SHRELU (gained 1) As you open the door, it creaks loudly!
There is an open door here.
An ogre comes into view. It is wielding a giant club.
The ogre hits you with a giant club!
You closely miss the ogre. Your headbutt misses the ogre. You slash the ogre!
Your headbutt misses the ogre.
The ogre is moderately wounded.
The ogre hits you with a giant club!
You barely miss the ogre. You headbutt the ogre.
The ogre is moderately wounded.
You block the ogre's attack.
You hit the ogre. You headbutt the ogre.
The ogre is heavily wounded.
You block the ogre's attack.
You hit the ogre but do no damage.
The ogre is heavily wounded.
The ogre hits you with a giant club!
Ouch! That really hurt!
You die...

## ####+## #.....#
#.....# ### ####
#.....#### .... ...#
#.....'..# .....
##.####..<..##.###.......
#....'.....##..@O.......
######.....######.......
####+## ..... . ####


You could see an ogre.

Vanquished Creatures
  An ice beast (D:2)
  A hound (D:4)
  2 orc priests
  4 gnolls (D:2)
  2 adders (D:3)
  A giant mite (D:1)
  2 worms (D:3)
  2 giant geckos
  An ooze (D:2)
  13 orcs (D:3)
  A ball python (D:2)
  11 bats
  4 giant cockroaches
  10 goblins
  9 hobgoblins
  5 jackals (D:3)
  5 kobolds
  6 giant newts
  10 rats
90 creatures vanquished.

Notes
Turn   | Place    | Note
--------------------------------------------------------------
     0 | D:1      | 1Viktor, the Minotaur Fighter, began the quest for the Orb.
     0 | D:1      | Reached XP level 1. HP: 19/19 MP: 0/0
   118 | D:1      | Reached skill level 4 in Fighting
   286 | D:1      | Reached XP level 2. HP: 25/27 MP: 0/0
   620 | D:1      | Reached XP level 3. HP: 33/33 MP: 1/1
  1713 | D:2      | Found a shattered altar of Ashenzari.
  1845 | D:2      | Reached skill level 1 in Dodging
  1845 | D:2      | Reached XP level 4. HP: 10/40 MP: 1/1
  2315 | D:2      | Noticed an ice beast
  2324 | D:2      | Killed an ice beast
  2324 | D:2      | Reached skill level 5 in Shields
  2324 | D:2      | Reached XP level 5. HP: 16/46 MP: 1/1
  2741 | D:2      | Reached skill level 5 in Armour
  3193 | D:3      | Found a basalt altar of Yredelemnul.
  3272 | D:3      | Reached XP level 6. HP: 34/53 MP: 2/2
  3882 | D:3      | Found a sparkling altar of Nemelex Xobeh.
  4241 | D:4      | Slain by an ogre

Action                   |  1- 3 |  4- 6 || total
-------------------------+-------+-------++-------
Melee: Hand axe          |   108 |   154 ||   262
